 Dungeon Crawl Stone Soup version 0.21.1-1-g345015f (webtiles) character file.

41 Lanoc the Ducker (level 3, 0/17 HPs)
             Began as a Felid Berserker on Feb 26, 2018.
             Was a Believer of Trog.
             Slain by a centaur skeleton (5 damage)
             ... on level 2 of the Dungeon.
             The game lasted 00:01:49 (921 turns).

Lanoc the Ducker (Felid Berserker)                   Turns: 921, Time: 00:01:50

Health: 0/17       AC:  1    Str: 13    XL:     3   Next: 32%
Magic:  4/4        EV: 20    Int:  8    God:    Trog [**....]
Gold:   73         SH:  0    Dex: 16    Spells: 2/2 levels left
                                        Lives:  0   Deaths: 0

rFire    . . .     SeeInvis +     - Unarmed
rCold    . . .     Gourm    .   (shield unavailable)
rNeg     . . .     Faith    .   (armour unavailable)
rPois    .         Spirit   .   (helmet unavailable)
rElec    .         Reflect  .   (cloak unavailable)
rCorr    .         Harm     .   (gloves unavailable)
MR       .....                  (boots unavailable)
Stlth    ++........             (no amulet)
HPRegen  0.05/turn              (no ring)
MPRegen  0.09/turn              (no ring)

@: quick
A: very small, no armour, no weapons or thrown items, stealth, claws 1, fangs 3,
see invisible, carnivore, speed 1, shaggy fur 1, slow metabolism 1, sharp paws
a: Berserk, Trog's Hand, Burn Spellbooks, Renounce Religion


You were on level 2 of the Dungeon.
You worshipped Trog.
Trog was pleased with you.
You were completely stuffed.

You visited 1 branch of the dungeon, and saw 2 of its levels.

You collected 73 gold pieces.

Inventory:

Scrolls
 g - a scroll of identify {unknown}
Potions
 b - a potion of ambrosia {unknown}
 c - 2 potions of might {unknown}
 e - a potion of magic {unknown}
 f - a potion of brilliance {unknown}
 h - a potion of flight {unknown}
 i - a potion of heal wounds {unknown}
Comestibles
 a - 6 rations
 d - 5 chunks of flesh


   Skills:
 + Level 3.3 Fighting
 + Level 4.5 Dodging
 * Level 3.8 Unarmed Combat


You had 2 spell levels left.
You didn't know any spells.

Dungeon Overview and Level Annotations

Branches:
Dungeon (2/15)

Altars:
Dithmenos
Gozag
Kikubaaqudgha
Qazlal
Ru


Innate Abilities, Weirdness & Mutations

You cannot wear armour.
You are incapable of wielding weapons or throwing items.
Your paws allow you to move quietly. (Stealth)
You have sharp claws.
You have razor-sharp teeth.
You have supernaturally acute eyesight. (SInv)
You are carnivorous and can eat meat at any time.
You cover ground quickly.
You are covered in fur. (AC +1)
You have a slow metabolism.
Your sharp claws are effective at attacking unaware monsters.


Message History

The centaur skeleton is lightly damaged.
The centaur skeleton misses you.
You scratch the centaur skeleton but do no damage.
The centaur skeleton is lightly damaged.
The centaur skeleton misses you.
The centaur skeleton closely misses you.
You scratch the centaur skeleton but do no damage.
The centaur skeleton is lightly damaged.
The centaur skeleton misses you.
You scratch the centaur skeleton but do no damage.
The centaur skeleton is lightly damaged.
The centaur skeleton hits you.
* * * LOW HITPOINT WARNING * * *
You claw the centaur skeleton!
The centaur skeleton is moderately damaged.
The centaur skeleton completely misses you.
You scratch the centaur skeleton.
The centaur skeleton is moderately damaged.
The centaur skeleton hits you.
You die...

.. .. #. #.
#. ####
#####.#...
#.)...Z.#
#.@# ##†###
#†..# #.#
###.# #.#
#.# #.# #.#
#.# #.##
##.. #<.#
#..#
####.###..#


You could see a centaur skeleton.

Vanquished Creatures
  An adder (D:2)
  A worm (D:2)
  2 dart slugs (D:1)
  A leopard gecko (D:2)
  2 giant cockroaches
  2 goblins (D:1)
  5 hobgoblins
  3 kobolds
  A bat (D:2)
  2 frilled lizards
  4 rats (D:1)
24 creatures vanquished.

Notes
Turn   | Place    | Note
-------+----------+-------------------------------------------
     0 | D:1      | Lanoc the Felid Berserker began the quest for the Orb.
     0 | D:1      | Reached XP level 1. HP: 10/10 MP: 2/2
    75 | D:1      | Reached XP level 2. HP: 12/14 MP: 3/3
   796 | D:2      | Found a shadowy altar of Dithmenos.
   796 | D:2      | Found a sacrificial altar of Ru.
   798 | D:2      | Found an opulent altar of Gozag.
   798 | D:2      | Found a stormy altar of Qazlal.
   803 | D:2      | Reached XP level 3. HP: 17/17 MP: 4/4
   805 | D:2      | Found an ancient bone altar of Kikubaaqudgha.
   808 | D:2      | Reached ** piety under Trog
   921 | D:2      | Slain by a centaur skeleton

Action                   || total
-------------------------++-------
Melee: Unarmed           ||    63
       Bite              ||     7
Invok: Berserk           ||     2
 Stab: Sleeping          ||     4
  Eat: Chunk             ||     9
Armor: Skin              ||     2
Dodge: Dodged            ||    39
